 Dungeon Crawl Stone Soup version 0.27.1-33-g824d729ab1 (webtiles) character file.

Game seed: 16851893466145892283

4795 zeram the Blocker (level 10, -2/56 HPs)
             Began as a Gargoyle Fighter on Dec 11, 2021.
             Was an Initiate of Qazlal.
             Slain by a killer bee (7 damage)
             ... on level 9 of the Dungeon.
             The game lasted 00:17:57 (10170 turns).

zeram the Blocker (Gargoyle Fighter)               Turns: 10170, Time: 00:17:58

Health: -2/56      AC: 36    Str: 24    XL:     10   Next: 48%
Magic:  19/19      EV:  7    Int: 13    God:    Qazlal [......]
Gold:   1495       SH: 18    Dex:  9    Spells: 9/9 levels left

rFire    . . .     SeeInvis .   k - +1 whip (freeze)
rCold    . . .     Faith    .   c - +0 kite shield
rNeg     + . .     Spirit   .   d - +0 plate armour
rPois    ∞         Reflect  +   f - +4 hat of Claustrophobia {MP+9 Slay+2}
rElec    +         Harm     .   p - +1 cloak
rCorr    .         Rampage  .   (no gloves)
Will     .....                  (no boots)
Stlth    ..........             g - amulet of Nemelex Xobeh's Grace {Reflect rElec Int+5 SH+5}
HPRegen  0.18/turn              r - +4 ring of protection
MPRegen  0.16/turn              e - +4 ring of protection

@: no status effects
A: sickness immunity, AC +7, negative energy resistance 1, electricity
resistance, torment resistance 1, petrification resistance
a: Renounce Religion


You were on level 9 of the Dungeon.
You worshipped Qazlal.
Qazlal was noncommittal.
You visited 2 branches of the dungeon, and saw 10 of its levels.

You collected 1495 gold pieces.

Inventory:

Hand Weapons
 a - a +1 flail
 k - a +1 whip of freezing (weapon)
Armour
 b - a +0 scale mail
 c - a +0 kite shield (worn)
 d - a +0 plate armour (worn)
 f - the +4 hat of Claustrophobia (worn) {MP+9 Slay+2}
   (You found it on level 5 of the Dungeon)

   Slay:      It affects your accuracy & damage with ranged weapons and melee
   (+2).
   MP:        It affects your magic capacity (+9).
 i - a +0 robe
 p - a +1 cloak (worn)
Jewellery
 e - a +4 ring of protection (right hand)
 g - the amulet of Nemelex Xobeh's Grace (around neck) {Reflect rElec Int+5 SH+5}
   (You acquired it on level 8 of the Dungeon)

   [amulet of reflection]

   It reflects blocked missile attacks.
   Int:       It affects your intelligence (+5).
   rElec:     It insulates you from electricity.
   SH:        It affects your SH (+5).
 h - a ring of wizardry
 j - a ring of magical power
 m - a ring of fire
 r - a +4 ring of protection (left hand)
Wands
 o - a wand of polymorph (6)
 q - a wand of flame (14)
Scrolls
 n - a scroll of immolation
 s - 2 scrolls of magic mapping
 u - a scroll of amnesia
Potions
 l - 3 potions of cancellation


   Skills:
 - Level 3.2 Fighting
 - Level 2.0 Maces & Flails
 + Level 10.4 Armour
 + Level 13.0 Shields
 - Level 0.5 Evocations


You had 9 spell levels left.
You didn't know any spells.
Your spell library contained the following spells:

 Spells                   Type           Power      Damage    Failure   Level
 Foxfire                  Conj/Fire      0%         2x1d4     99%         1
 Conjure Flame            Conj/Fire      0%         6-21      100%        3
 Inner Flame              Hex/Fire       0%         N/A       100%        3


Dungeon Overview and Level Annotations

Branches:
Dungeon (9/15)             Temple (1/1) D:7
   Lair: D:8-11         Orc: D:9-12

Altars:
Ashenzari
Cheibriados
Dithmenos
Elyvilon
Fedhas
Gozag
Hepliaklqana
Nemelex Xobeh
Okawaru
Qazlal
Ru
Trog
Uskayaw
Wu Jian
Xom
Yredelemnul
The Shining One

Annotations:
D:5 2 runed translucent doors
D:6 zeram's ghost, novice OgIE


Innate Abilities, Weirdness & Mutations

You are immune to sickness and miasma.
Your stone body is resilient. (AC +7)
You are immune to poison.
You resist negative energy. (rN+)
You are resistant to electric shocks. (rElec)
You are resistant to unholy torment.
You are immune to petrification.


Message History

Press: ? - help, Shift-Dir - straight line, f/p - orc warrior
Aim: an orc warrior, wielding a +0 battleaxe and wearing a +0 plate armour (will become a tengu, a howler monkey, or a steam dragon, chance to affect: 48%)
The orc warrior evaporates and reforms as a tengu!
The killer bee stings you but does no damage.
The killer bee stings you.
* * * LOW HITPOINT WARNING * * *
The yak gores you.
* * * LOW HITPOINT WARNING * * *
The tengu picks up a +0 battleaxe.
The tengu wields a +0 battleaxe.
The tengu barely misses you. You block the tengu's attack. x2
Press: ? - help, v - describe, . - travel, g - get item
Here: a tengu, wielding a +0 battleaxe
Items here: ) [[ †††.
The floor.
You barely miss the tengu. You block the killer bee's attack. x2
You block the yak's attack.
You whack the tengu! You freeze the tengu.
The tengu is heavily wounded.
You block the killer bee's attack.
The killer bee stings you but does no damage.
You block the yak's attack. You block the tengu's attack. x2
The tengu closely misses you.
You barely miss the tengu.
The tengu is heavily wounded.
You block the killer bee's attack. x2; The yak gores you but does no damage.
The tengu hits you but does no damage. You block the tengu's attack.
The tengu claws you but does no damage.
Your plate armour prevents you from hitting the tengu.
The tengu is heavily wounded.
You block the killer bee's attack. x2; The yak gores you.
* * * LOW HITPOINT WARNING * * *
The tengu barely misses you. You block the tengu's attack.
The tengu closely misses you.
Unknown command.
You whack the tengu! You freeze the tengu.
The tengu is almost dead.
You block the killer bee's attack. x2; The yak gores you but does no damage.
You block the tengu's attack. The tengu pecks you but does no damage.
The tengu claws you but does no damage. The killer bee stings you!
You die...

##......# ##....[..#
. .........########
..
..#.....)......#####
...
###..#######....[#
.... ##.# #####..
...YY## #.# ####
#TYYy###.### ##...
#Y@Q....# ##....
######..# #..... ..#
#..... ..# #.....
..# #..... ..#
#..... ..# ##....
... #...). #
###..)..


You could see 5 yaks, a troll, a tengu and a killer bee.

Vanquished Creatures
  An unseen horror (D:5)
  A hornet (D:7)
  Sigmund (D:4)
  2 wyverns (D:8)
  3 yaks
  2 humans (D:8)
  A steam dragon (D:8)
  An ice beast (D:3)
  3 sky beasts
  A hornet zombie (D:6)
  3 orc warriors
  A necrophage (D:4)
  A centaur (D:6)
  3 ogres
  A phantom (D:5)
  A gnoll sergeant (D:7)
  A bullfrog (D:8)
  A wyvern zombie (D:7)
  3 scorpions (D:5)
  A water moccasin zombie (D:5)
  7 killer bees
  5 wights (D:9)
  A jelly (D:5)
  2 bullfrog zombies
  7 hounds
  Crazy Yiuf (D:4)
  3 centaur skeletons
  5 iguanas
  A bullfrog skeleton (D:5)
  Terence (D:2)
  2 orc wizards
  A hound zombie (D:5)
  A hound skeleton (D:4)
  A mummy (D:4)
  4 gnolls
  9 adders
  A white imp (D:5)
  2 worms
  5 dart slugs
  10 orcs
  5 ball pythons
  3 endoplasms
  2 giant cockroaches
  4 goblins
  5 hobgoblins
  3 quokkas
  3 bats
  2 frilled lizards (D:1)
  5 kobolds
  2 rats
135 creatures vanquished.

Notes
Turn   | Place    | Note
-------+----------+-------------------------------------------
     0 | D:1      | zeram the Gargoyle Fighter began the quest for the Orb.
     0 | D:1      | Reached XP level 1. HP: 14/14 MP: 1/1
   252 | D:1      | Reached XP level 2. HP: 18/19 MP: 2/2
   272 | D:1      | Found a faded altar of an unknown god.
   790 | D:1      | Reached XP level 3. HP: 23/23 MP: 3/3
   814 | D:1      | Reached skill level 4 in Shields
  1270 | D:2      | Noticed Terence
  1292 | D:2      | Killed Terence
  1293 | D:2      | Reached XP level 4. HP: 11/28 MP: 4/4
  1540 | D:2      | You fall into a shaft and drop 1 floor!
  1968 | D:3      | Reached XP level 5. HP: 31/32 MP: 5/5
  2113 | D:4      | Noticed an ice beast
  2149 | D:3      | Killed an ice beast
  2150 | D:3      | Reached skill level 5 in Armour
  2150 | D:3      | Reached skill level 5 in Shields
  2380 | D:4      | Noticed a necrophage
  2384 | D:4      | Killed a necrophage
  2385 | D:4      | Reached XP level 6. HP: 37/37 MP: 6/6
  2530 | D:4      | Reached skill level 6 in Shields
  2565 | D:4      | Noticed Sigmund
  2619 | D:5      | Entered Level 5 of the Dungeon
  2676 | D:5      | Found a snail-covered altar of Cheibriados.
  2676 | D:5      | Found an opulent altar of Gozag.
  2899 | D:5      | Found a shadowy altar of Dithmenos.
  2945 | D:5      | Found a sparkling altar of Nemelex Xobeh.
  3086 | D:5      | Reached XP level 7. HP: 11/41 MP: 7/7
  3484 | D:5      | Found a large runed translucent door.
  3484 | D:5      | Found a large runed translucent door.
  3485 | D:5      | Identified the +4 hat of Claustrophobia {MP+9 Slay+2}
  3523 | D:5      | Reached skill level 7 in Shields
  3791 | D:5      | Noticed a yak
  3805 | D:5      | Killed a yak
  3806 | D:5      | Reached XP level 8. HP: 25/46 MP: 8/8
  3962 | D:5      | Noticed a yak
  3968 | D:5      | Found a large runed translucent door.
  3968 | D:5      | Found a large runed translucent door.
  4056 | D:5      | Reached skill level 8 in Shields
  4539 | D:5      | Reached skill level 9 in Shields
  4589 | D:4      | Killed Sigmund
  4847 | D:4      | Found a runed translucent door.
  4848 | D:4      | Noticed Crazy Yiuf
  4928 | D:4      | Reached XP level 9. HP: 51/51 MP: 9/9
  5440 | D:4      | Killed Crazy Yiuf
  5663 | D:5      | Reached skill level 10 in Shields
  5702 | D:5      | Killed an unseen horror
  6034 | D:6      | Found a runed translucent door.
  6036 | D:6      | Noticed zeram's ghost (novice OgIE)
  6084 | D:6      | Found a blossoming altar of Fedhas.
  6506 | D:6      | Found a shimmering altar of Xom.
  6533 | D:6      | Reached skill level 11 in Shields
  7331 | D:7      | Found a staircase to the Ecumenical Temple.
  7359 | Temple   | Entered the Ecumenical Temple
  7423 | Temple   | Became a worshipper of Qazlal Stormbringer
  7521 | D:7      | Noticed a hornet
  7909 | D:7      | Killed a hornet
  8182 | D:8      | Reached skill level 12 in Shields
  8182 | D:8      | Reached XP level 10. HP: 53/56 MP: 10/10
  8208 | D:8      | Found a faded altar of an unknown god.
  8209 | D:8      | Found a hazy altar of Hepliaklqana.
  8717 | D:8      | Reached skill level 10 in Armour
  8837 | D:8      | Found an iron altar of Okawaru.
  8876 | D:8      | Identified a scroll of acquirement
  8889 | D:8      | Acquired the amulet of Nemelex Xobeh's Grace {Reflect rElec
                  | Int+5 SH+5}
  8957 | D:8      | Acquired 1140 gold pieces
 10110 | D:9      | Reached skill level 13 in Shields
 10170 | D:9      | Slain by a killer bee

Illustrated notes

Levels and vault maps discovered:
D:1:      nicolae_arrival_washed_ashore, layout_basic,
          dreamdust_ecumenical_altar_statues
D:2:      layout_loops_cross, uniq_terence
D:3:      layout_basic, grunt_ministairs_10, item_on_display_a
D:4:      layout_loops_ring, gup_ossuary_entry_pyramid, uniq_sigmund,
          uniq_crazy_yiuf_cottage
D:5:      layout_basic, minitemple, minmay_hollow_rounded_squares
D:6:      layout_gridville, mainiacjoe_overflow_alcove_4,
          nicolae_overflow_hidden_temple, gammafunk_ghost_grave
D:7:      cheibrodos_quashed, layout_cave_pools, temple_doors_e
D:8:      layout_gridville, beargit_hepliaklqana_dungeon_heroes, okawaru_humans
D:9:      layout_rooms, mainiacjoe_overflow_tiny_flanked, orc_0_dummy,
          uniq_erica
Temple:   jpeg_temple_island

Skill      XL: |  1  2  3  4  5  6  7  8  9 10 |
---------------+-------------------------------+-----
Shields        | 4 5 6 7 9 12 13 | 13.0
Armour         | 4 5 6 7 8 9 10 | 10.4
Fighting       | |  3.2
Maces & Flails | |  2.0
Evocations     | |  0.5

Action                   |  1- 3 |  4- 6 |  7- 9 | 10-12 || total
-------------------------+-------+-------+-------+-------++-------
Melee: Flail             |    84 |   131 |   552 |   153 ||   920
       Whip              |       |       |       |   141 ||   141
Evoke: Wand              |       |       |     2 |     8 ||    10
  Use: Potion            |     1 |     6 |     4 |       ||    11
       Scroll            |       |     4 |    11 |     7 ||    22
Armor: Scale mail        |    44 |    72 |   392 |       ||   508
       Skin              |       |    16 |     2 |       ||    18
       Plate armour      |       |       |     8 |   291 ||   299
Dodge: Dodged            |    32 |    38 |   211 |    81 ||   362
Block: Kite shield       |    54 |    72 |   444 |   349 ||   919
       Reflection        |       |       |       |     1 ||     1
